 Dungeon Crawl Stone Soup version 0.21.1-1-g345015f (webtiles) character file.

23 Iko the Chiller (level 2, -1/24 HPs)
             Began as a Deep Dwarf Ice Elementalist on May 13, 2018.
             Slain by p0werm0de's ghost (4 damage)
             ... on level 3 of the Dungeon.
             The game lasted 00:05:57 (520 turns).

Iko the Chiller (Deep Dwarf Ice Elementalist)        Turns: 520, Time: 00:05:58

Health: -1/24      AC:  2    Str: 11    XL:     2   Next: 72%
Magic:  4/4        EV: 12    Int: 15    God:
Gold:   31         SH:  0    Dex: 13    Spells: 4/5 levels left

rFire    . . .     SeeInvis .   d - +0 club
rCold    . . .     Gourm    .   (no shield)
rNeg     . . .     Faith    .   a - +0 robe
rPois    .         Spirit   .   (no helmet)
rElec    .         Reflect  .   (no cloak)
rCorr    .         Harm     .   (no gloves)
MR       .....                  (no boots)
Stlth    ++........             (no amulet)
HPRegen  0.00/turn              (no ring)
MPRegen  0.09/turn              (no ring)

@: non-regenerating
A: damage resistance, heal wounds, sense surroundings 1, no regeneration
a: Heal Wounds


You were on level 3 of the Dungeon.
You were not hungry.

You visited 1 branch of the dungeon, and saw 3 of its levels.

You collected 31 gold pieces.

Inventory:

Hand Weapons
 d - a +0 club (weapon)
 f - a +0 hunting sling
Missiles
 e - 8 stones (quivered)
Armour
 a - a +0 robe (worn)
Wands
 j - a wand of random effects (5)
Scrolls
 h - a scroll of identify
Potions
 g - a potion of curing
Books
 b - a book of Frost

   Spells                             Type                      Level
   a - Freeze                         Ice                          1
   b - Throw Frost                    Conjuration/Ice              2
   c - Ozocubu's Armour               Charms/Ice                   3
   d - Throw Icicle                   Conjuration/Ice              4
   e - Summon Ice Beast               Ice/Summoning                4
Comestibles
 c - a ration


   Skills:
 + Level 0.3 Fighting
 + Level 0.3 Maces & Flails
 + Level 0.2 Slings
 + Level 2.3 Dodging
 + Level 2.4 Stealth
 + Level 2.1 Spellcasting
   Level 0.8 Conjurations
 + Level 3.1 Ice Magic


You had 4 spell levels left.
You knew the following spells:

 Your Spells              Type           Power        Failure   Level  Hunger
a - Freeze                Ice            ##..         6%          1    #......


Dungeon Overview and Level Annotations

Branches:
Dungeon (3/15)

Altars:

Annotations:
D:3 p0werm0de's ghost, amateur OpWn


Innate Abilities, Weirdness & Mutations

You are resistant to damage.
You can heal yourself by infusing magical energy.
You passively map a small area around you.
You do not regenerate.


Message History

Press: ? - help, Shift-Dir - straight line, f/p - p0werm0de's ghost
Aim: p0werm0de's ghost (lightly damaged) P0werm0de's ghost flickers and vanishes!
Deactivating autopickup; reactivate with Ctrl-A.
Something hits you! Something hits you.
You see here 17 gold pieces.
You now have 31 gold pieces (gained 17).
Something barely misses you.
Found 7 gold pieces.
Something hits you but does no damage.
Found a scroll of identify.
Aiming: Random Effects
Press: ? - help, Shift-Dir - straight line The fireball explodes!
The fireball engulfs something.
The fireball engulfs you!
* * * LOW HITPOINT WARNING * * *
You hear a shout!
You hear an angry hiss.
You hear a shout! x4
Something hits you.
You die...

...
*#............ ,
?. #..).........
, , ,
,#.#..<†........,
, ,, ,
#.............. ≈
,
,####......#...(
, *,
#.##########* ≈
#...####### * .§§
###.....{.##?.# *
#######@...# , *
* ##....... *
.###... * * $#
*.§ , * * * ## ,
, , , , , ,, , ,
, , , , * , ,


There were no monsters in sight!

Vanquished Creatures
  A worm (D:2)
  A dart slug (D:1)
  A giant cockroach (D:2)
  6 hobgoblins
  2 kobolds (D:1)
  A ball python (D:1)
  A bat (D:1)
  4 rats
17 creatures vanquished.

Notes
Turn   | Place    | Note
-------+----------+-------------------------------------------
     0 | D:1      | Iko the Deep Dwarf Ice Elementalist began the quest for the Orb.
     0 | D:1      | Reached XP level 1. HP: 15/15 MP: 3/3
   118 | D:1      | Reached skill level 3 in Ice Magic
   129 | D:1      | Reached XP level 2. HP: 16/22 MP: 1/5
   477 | D:3      | Noticed p0werm0de's ghost (amateur OpWn)
   520 | D:3      | Slain by p0werm0de's ghost

Skill      XL: |  1 |
---------------+----+-----
Ice Magic      | 3 |  3.1
Spellcasting   | 2 |  2.1
Fighting       | |  0.3
Maces & Flails | |  0.3
Slings         | |  0.2
Dodging        | |  2.3
Stealth        | |  2.4
Conjurations   | |  0.8

Action                   || total
-------------------------++-------
Melee: Club              ||    35
       Unarmed           ||     2
 Fire: Hunting sling     ||    19
Throw: Stone             ||     3
 Cast: Freeze            ||    12
 Abil: Heal Wounds       ||     2
Evoke: Wand              ||     4
  Use: Scroll            ||     3
Armor: Robe              ||    12
Dodge: Dodged            ||    30
